 Dungeon Crawl Stone Soup version 0.14-a0-240-g07e69d7 (webtiles) character file.

414 Psiweapon the Sneak (level 6, 0/35 HPs)
             Began as a Kobold Assassin on Oct 7, 2013.
             Slain by an ogre
             ... wielding a +0,+0 giant club
              (15 damage)
             ... on Level 4 of the Dungeon on Oct 12, 2013.
             The game lasted 00:20:00 (3953 turns).

Psiweapon the Sneak (Kobold Assassin)               Turns: 3953, Time: 00:20:00

HP   0/35        AC  3     Str 12      XL: 6   Next: 35%
MP   5/5         EV 13     Int 10      God:
Gold 164         SH 12     Dex 16      Spells:  0 memorised,  5 levels left

Res.Fire  : . . .   See Invis. : .   a - +2 dagger
Res.Cold  : . . .   Warding    : .   c - +0 robe
Life Prot.: . . .   Conserve   : .   h - +0 elf buckler
Res.Poison: .       Res.Corr.  : .   (no helmet)
Res.Elec. : .       Clarity    : .   d - +0 cloak
Sust.Abil.: . .     Spirit.Shd : .   (no gloves)
Res.Mut.  : .       Stasis     : .   (no boots)
Res.Rott. : .       Flight     : .   (no amulet)
Saprovore : + + .                    (no ring)
                                     (no ring)

@: slightly resistant to hostile enchantments, very stealthy
A: disease resistance, carnivore 3, saprovore 2
a: no special abilities


You were on level 4 of the Dungeon.
You were very full.

You visited 1 branch of the dungeon, and saw 4 of its levels.

You collected 114 gold pieces.

Inventory:

Hand weapons
 a - a +2,+2 dagger (weapon)
 b - a +0 blowgun
 p - a +0,+0 short sword
 r - a +0,+0 dagger
 E - a +0,+0 dagger
Missiles
 e - 8 poisoned needles
 f - a curare-tipped needle
 y - a dart (quivered)
 z - 14 arrows of flame
 F - 9 poisoned bolts
Armour
 c - a +0 robe (worn)
 d - a +0 cloak (worn)
 h - a +0 elven buckler (worn)
 B - a +0 cloak
 D - a +0 orcish leather armour
Comestibles
 g - 2 meat rations
Scrolls
 i - 5 scrolls of remove curse {unknown}
 j - 4 scrolls of teleportation {unknown}
 k - 2 scrolls of fog {unknown}
 l - a scroll of blinking {unknown}
 n - a scroll of enchant weapon II {unknown}
 s - a scroll of noise {unknown}
 t - a scroll of enchant armour {unknown}
 G - 3 scrolls of identify {unknown}
Potions
 m - 3 potions of brilliance {unknown}
 o - 3 potions of curing {unknown}
 q - a potion of heal wounds {unknown}
 u - a potion of agility {unknown}
 v - a potion of slowing {unknown}
 w - a potion of flight {unknown}
 x - a potion of confusion {unknown}
 A - a potion of might {unknown}
 C - a potion of invisibility {unknown}


   Skills:
 - Level 2.1 Fighting
 + Level 4.6 Short Blades
 - Level 2.6 Throwing
 - Level 1.2 Dodging
 + Level 6.9 Stealth
 * Level 3.1 Shields


You had 5 spell levels left.
You didn't know any spells.

Dungeon Overview and Level Annotations

Branches:
Dungeon (4/27)
 Temple: D:4-7

Altars:


Innate Abilities, Weirdness & Mutations

You recuperate from illness quickly.
You are small and have problems with some larger weapons.
You are carnivorous and can eat meat at any time.
You can eat rotten meat.


Message History

F - 9 poisoned bolts
There is a stone staircase leading up here.
An ogre comes into view. It is wielding a giant club.
The ogre shouts!
You see here 15 gold pieces.
You hit the ogre.
The ogre is lightly wounded.
The ogre hits you with a giant club!
Ouch! That really hurt!
You hit the ogre.
The ogre is moderately wounded.
You hit the ogre.
The ogre is moderately wounded.
The ogre closely misses you.
Your shield prevents you from hitting the ogre.
The ogre is moderately wounded.
You hit the ogre.
The ogre is heavily wounded.
The ogre hits you with a giant club!
You die...

#.# #.#
###<###
#.....#
#.....#
#.....#
#.....#
#.....#
#..@..#
#..O..#
........#
............
##....#######
#.... ....
...


You could see an ogre.

Vanquished Creatures
  Sigmund (D:2)
  An ogre (D:3)
  4 adders
  2 worms
  2 giant geckos
  3 orcs (D:3)
  A ball python (D:1)
  9 bats
  8 giant cockroaches
  9 hobgoblins
  A giant newt (D:3)
  6 goblins
  7 kobolds
  A quokka (D:3)
  6 rats
  A plant (D:1)
62 creatures vanquished.

Notes
Turn   | Place    | Note
--------------------------------------------------------------
     0 | D:1      | Psiweapon, the Kobold Assassin, began the quest for the Orb.
     0 | D:1      | Reached XP level 1. HP: 12/12 MP: 0/0
   320 | D:1      | Reached XP level 2. HP: 13/16 MP: 1/1
   661 | D:1      | Reached skill level 1 in Shields
   933 | D:1      | Upgraded the game from 0.14-a0-181-gf6fe0c6 to 0.14-a0-226-gcf818b1
   933 | D:1      | Upgraded the game from 0.14-a0-226-gcf818b1 to 0.14-a0-240-g07e69d7
  1169 | D:2      | Reached XP level 3. HP: 20/20 MP: 2/2
  1878 | D:2      | Noticed Sigmund
  1880 | D:2      | Killed Sigmund
  1880 | D:2      | Reached skill level 6 in Stealth
  1880 | D:2      | Reached XP level 4. HP: 26/26 MP: 3/3
  1880 | D:2      | Reached XP level 5. HP: 30/30 MP: 4/4
  3373 | D:3      | Noticed an ogre
  3380 | D:3      | Killed an ogre
  3380 | D:3      | Reached XP level 6. HP: 31/35 MP: 5/5
  3943 | D:4      | Noticed an ogre
  3953 | D:4      | Slain by an ogre

Action                   |  1- 3 |  4- 6 || total
-------------------------+-------+-------++-------
Melee: Dagger            |   202 |   132 ||   334
 Fire: Blowgun           |       |    10 ||    10
Throw: Dart              |     2 |     1 ||     3
 Stab: Sleeping          |     9 |     3 ||    12
